Map: Ruins of Endion

Players

Raze - Winner!

  • Race: Terran Terran
  • League: Grandmaster

Pokebunny

  • Race: Terran Terran
  • League: Grandmaster

VOD

Have the link to the VOD?

Description

Time

  • Played on: April 4, 2016, 9:56 p.m.
  • Length: 8:02
Show
View Real Time Build Order
Export as new Build Order

Raze Terran - Winner!

Build Orders: 1/1/1, Banshee Rush 

Get SALT Encoding   

  12  0:01  SCV  
  13  0:13  SCV  
  14  0:18  Supply Depot  
  14  0:25  SCV  
  15  0:29  Refinery  
  15  0:39  SCV  
  16  0:45  Barracks  
  16  0:51  SCV  
  17  1:04  SCV  
  18  1:16  SCV  
  19  1:21  Refinery  
  19  1:34  Orbital Command, Marine  
  19  1:35  Factory  
  20  1:47  Supply Depot  
  20  1:52  Marine  
  21  2:00  SCV  
  22  2:11  Marine  
  22  2:12  SCV  
  24  2:20  Factory Tech Lab, Starport  
  24  2:24  SCV  
  24  2:28  Marine  
  24  2:29  Supply Depot  
  26  2:36  SCV  
  27  2:40  Widow Mine  
  29  2:48  SCV  
  29  2:49  Marine  
  31  2:59  Medivac  
  31  3:01  SCV  
  34  3:11  Marine  
  35  3:20  Supply Depot  
  35  3:27  Command Center  
  35  3:29  SCV  
  36  3:36  Barracks Reactor  
  36  3:37  Cloaking Field  
  36  3:41  SCV  
  36  3:46  Banshee  
  40  3:49  Factory Tech Lab  
  40  3:59  SCV  
  39  4:07  Siege Tank  
  42  4:11  SCV  
  42  4:14  Marine x2  
  45  4:18  Supply Depot  
  45  4:24  SCV  
  45  4:31  Marine x2  
  47  4:38  Banshee  
  47  4:39  Supply Depot, SCV  
  47  4:44  Orbital Command  
  44  4:49  Marine x2  
  44  4:51  SCV  
  47  4:57  Siege Tank  
  50  5:03  SCV  
  51  5:13  Marine x2  
  51  5:14  SCV  
  54  5:18  SCV  
  55  5:30  Siege Tank, SCV x2  
  60  5:38  Starport Reactor  
  60  5:43  SCV  
  60  5:49  Barracks  
  58  5:50  SCV  
  58  5:51  Barracks, Refinery  
  58  5:52  Engineering Bay  
  58  5:54  Command Center  
  58  5:55  SCV  
  60  5:57  Marine  
  60  5:58  Stimpack  
  60  6:03  SCV  
  62  6:07  SCV  
  63  6:15  SCV  
  64  6:19  SCV  
  64  6:21  Marine  
  64  6:22  Siege Tank  
  64  6:23  Medivac x2  
  73  6:27  Supply Depot, SCV  
  73  6:31  SCV  
  72  6:39  Marine, SCV  
  73  6:40  Marine x2  
  73  6:44  SCV  
  77  6:50  Barracks x2, Refinery  
  77  6:51  SCV  
  78  6:56  SCV  
  78  6:57  Marine x2  
  78  7:00  Starport Reactor  
  81  7:03  SCV  
  82  7:10  SCV  
  82  7:13  Marine x3  
  82  7:14  Siege Tank, Orbital Command  
  82  7:15  Marine x2, SCV  
  89  7:19  Supply Depot  
  89  7:22  SCV  
  92  7:27  SCV  
  93  7:31  Marine x3  
  93  7:32  Sensor Tower  
  93  7:34  SCV  
  97  7:39  SCV  
  97  7:43  Marine x2  
  90  7:46  SCV  
  86  7:55  Barracks Reactor x2  
Show
View Real Time Build Order
Export as new Build Order

Pokebunny Terran 

Build Orders: Reaper Expand 

Get SALT Encoding   

  12  0:00  SCV  
  13  0:12  SCV  
  14  0:18  Supply Depot  
  14  0:24  SCV  
  15  0:39  SCV  
  15  0:40  Barracks  
  16  0:44  Refinery  
  16  0:52  SCV  
  17  1:04  SCV  
  18  1:16  SCV  
  19  1:27  Reaper  
  19  1:28  Orbital Command  
  20  1:51  Command Center  
  20  1:54  SCV  
  20  2:00  Marine  
  20  2:01  Supply Depot  
  21  2:07  Factory  
  21  2:16  SCV  
  21  2:17  Refinery  
  21  2:18  Marine  
  23  2:28  SCV  
  24  2:37  Marine  
  24  2:40  SCV  
  26  2:54  Factory Tech Lab  
  26  2:55  Starport, SCV  
  27  3:01  Marine  
  28  3:07  Orbital Command  
  28  3:08  SCV  
  28  3:14  Siege Tank  
  32  3:22  Barracks Tech Lab  
  32  3:25  Barracks  
  31  3:28  Barracks  
  31  3:37  Viking  
  31  3:40  SCV  
  34  3:41  SCV  
  30  4:04  SCV x2  
  30  4:07  Siege Tank  
  35  4:16  SCV x2  
  36  4:26  Barracks Reactor x2, Marine  
  36  4:28  SCV  
  36  4:29  SCV  
  39  4:33  Refinery  
  38  4:40  SCV  
  38  4:41  SCV  
  40  4:53  SCV x2  
  40  4:55  Engineering Bay, Starport Reactor, Siege Tank  
  40  4:56  Marine  
  46  5:04  Stimpack  
  42  5:10  SCV x2  
  42  5:21  Marine x4  
  45  5:30  Missile Turret  
  44  5:35  Marine  
  44  5:39  Marine  
  41  5:51  SCV x2  
  41  5:56  Marine  
  41  6:02  Missile Turret  
  40  6:18  Marine x4  
  40  6:22  Siege Tank  
  44  6:33  Medivac  
  46  6:53  SCV  
  46  6:54  SCV  
  46  6:58  Supply Depot, Medivac  
  46  7:19  Marine x2, SCV  
  46  7:20  SCV  
  50  7:31  Supply Depot  
  50  7:32  SCV  
  50  7:33  SCV  
Tags
 
Add a new tag
Caveats
  • Supply blocks, unpowered buildings, or Contaminate may cause inaccurate times.
  • Supply counts are checked every 10 seconds.